 Dungeon Crawl Stone Soup version 0.31-a0-716-gc7603755dd (webtiles) character file.

Game seed: 7677735950514554535

2824 Xavori the Covert (level 9, -1/88 (91) HPs)
             Began as an Octopode Chaos Knight on Sept 10, 2023.
             Was a Plaything of Xom.
             Slain by an orange demon (2 damage)
             ... summoned by Xom
             ... on level 8 of the Dungeon.
             The game lasted 00:06:49 (16805 turns).

Xavori the Covert (Octopode Chaos Knight)          Turns: 16805, Time: 00:06:49

HP:   -1/88 (91)    AC: 24    Str: 10    XL:     9   Next: 73%
MP:   9/9           EV:  2    Int: 18    God:    Xom [......]
Gold: 370           SH:  0    Dex: 15    Spells: 8/8 levels left

rFire   . . .        d - +1 short sword (freeze)
rCold   . . .        (no shield)
rNeg    . . .        (helmet currently unavailable)
rPois   +            (no amulet)
rElec   .            (no ring)
rCorr   .            (no ring)
SInv    .            (no ring)
Will    ++...        (no ring)
Stlth   +++++        (no ring)
HPRegen 0.34/turn    (no ring)
MPRegen 0.11/turn    (no ring)
                     (no ring)

%: no passive effects
@: lethally poisoned (-1 -> -7), tree-form, enlightened, lightly drained
A: stationary, stasis, torment immunity, boosted hp, almost no armour,
(amphibious), 8 rings, (camouflage 1), (gelatinous body 1), (nimble swimmer 1),
(tentacles), (iridescent scales 1), clever 1, strong-willed 1, sense
surroundings 1, screaming 1, (electricity resistance), wild magic 1, MP-powered
wands
a: Renounce Religion


You were on level 8 of the Dungeon.
You worshipped Xom.
You were a very special plaything of Xom.
You were a tree.
You visited 1 branch of the dungeon, and saw 8 of its levels.

You collected 370 gold pieces.

Inventory:

Hand Weapons
 d - a +1 short sword of freezing (weapon)
 q - a +2 dagger of venom
Wands
 j - a wand of flame (10)
 l - a wand of acid (8)
Scrolls
 a - a scroll of fog
 b - 2 scrolls of butterflies
 h - 2 scrolls of identify
 k - a scroll of immolation
 m - 2 scrolls of revelation
 n - 2 scrolls of silence
Potions
 c - 2 potions of enlightenment
 e - 2 potions of invisibility
 f - a potion of ambrosia
 g - a potion of lignification
 i - a potion of haste {unknown}
 p - a potion of attraction {unknown}
 r - 3 potions of mutation {unknown}
 u - a potion of brilliance {unknown}
 v - 4 potions of curing {unknown}
Miscellaneous
 t - a lightning rod (2/4)


   Skills:
 + Level 5.1 Fighting
 + Level 6.9 Short Blades
 + Level 4.7 Dodging
 + Level 11.2 Stealth
 * Level 6.0 Evocations


You had 8 spell levels left.
You didn't know any spells.
Your spell library contained the following spells:

 Spells                   Type           Power      Damage    Failure   Level
 Apportation              Tloc           0%         N/A       30%         1
 Freeze                   Ice            0%         1d3       30%         1
 Necrotise                Necr           0%         1d4       30%         1
 Summon Small Mammal      Summ           0%         N/A       30%         1
 Dazzling Flash           Conj/Hex       0%         N/A       63%         3
 Frozen Ramparts          Ice            0%         1d1       63%         3
 Hailstorm                Conj/Ice       0%         3d3       63%         3
 Vhi's Electric Charge    Tloc/Air       0%         N/A       95%         4
 Agony                    Necr           0%         N/A       100%        5
 Arcjolt                  Conj/Air       0%         1d10      100%        5
 Silence                  Hex/Air        0%         N/A       100%        5
 Plasma Beam              Fire/Air       0%         2x1d10    100%        6


Dungeon Overview and Level Annotations

Branches:
Dungeon (8/15)             Temple (0/1) D:7
   Lair: D:8-11

Altars:
Dithmenos
Fedhas
Kikubaaqudgha
Ru
Trog
Xom


Innate Abilities, Weirdness & Mutations

You are a tree.
Your roots penetrate the ground, keeping you stationary.
You cannot be teleported.
You are immune to unholy pain and torment.
Your maximum health is greatly increased.
You cannot wear most types of armour.
((You are amphibious.))
You can wear up to eight rings at the same time.
((Your skin changes colour to match your surroundings (Stealth+).))
((Your rubbery body absorbs attacks. (AC +1, EV +1)))
((You are camouflaged when in or above water. (Stealth+)))
((You have tentacles for arms and can constrict up to eight enemies at once.))
((You are partially covered in iridescent scales. (AC +2)))
Your mind is acute. (Int +4, Str/Dex -1)
You are strong-willed. (Will+)
You passively map a small area around you.
You occasionally shout uncontrollably at your foes.
((You are resistant to electric shocks. (rElec)))
Your spells are a little harder to cast, but a little more powerful.
You expend magic power (3 MP) to strengthen your wands.


Message History

* * * LOW HITPOINT WARNING * * *
You feel very sick.
The orange demon attacks as it pursues you!
The orange demon barely misses you.
* * * LOW HITPOINT WARNING * * *
You feel very sick.
The orange demon attacks as it pursues you!
The orange demon closely misses you.
* * * LOW HITPOINT WARNING * * *
You feel very sick.
* * * LOW HITPOINT WARNING * * *
You feel very sick.
The crimson imp disappears in a puff of smoke!
* * * LOW HITPOINT WARNING * * *
You feel sick.
The orange demon attacks as it pursues you!
The orange demon closely misses you.
You feel much better.
You feel sick.
You feel sick.
The orange demon attacks as it pursues you!
The orange demon stings you from afar.
You feel sick. The orange demon stings you from afar!
* * * LOW HITPOINT WARNING * * *
You are lethally poisoned!
The orange demon poisons you!
* * * LOW HITPOINT WARNING * * *
You feel very sick.
* * * LOW HITPOINT WARNING * * *
You feel very sick.
An orc comes into view. It is wielding a +0 short sword.
It was a potion of lignification.
You turn into a tree.
Your roots penetrate the ground.
* * * LOW HITPOINT WARNING * * *
You feel very sick.
The orange demon stings you but does no damage.
It was a potion of enlightenment.
Your roots keep you in place.
* * * LOW HITPOINT WARNING * * *
You feel very sick. The orange demon stings you from afar.
You die...

, , ... *#.. , * * #.#*
#.# * #.# #.# * #.# #.#
, , #.# #.# , ##### #.#
#.# , ....# #.# #.# *
###.# ####.#####.###
#.####......4.♣...###
###.............#.<...#
...#....#######.###.#.#
##.#.##.# #.# #.#.#
#.#.##.# #.# #.#.#
#.#.##.# #.# #.#.#
#.#.##.# #.# #.#.#
#.#..#.# #.# #.#.#
.......#*** #.# #.#.# *


You could see an orange demon (summoned).

Vanquished Creatures
  Grinder (D:5)
  Prince Ribbit (D:5)
  Duvessa (D:4)
  A water moccasin (D:5)
  An orc warrior (D:6)
  3 ice beasts
  A centaur (D:5)
  2 kobold brigands
  A bullfrog (D:7)
  4 scorpions (D:5)
  3 wights (D:6)
  Dowan (D:4)
  A howler monkey (D:7)
  4 electric eels (D:6)
  5 jellies
  4 hounds
  A gnoll bouda (D:6)
  A sleepcap (D:6)
  3 orc priests
  5 iguanas
  2 orc wizards
  A gnoll (D:5)
  8 adders
  An ufetubus (D:6)
  2 worms (D:3)
  3 dart slugs
  17 orcs
  8 ball pythons
  A bat (D:2)
  7 endoplasms
  4 giant cockroaches
  A goblin (D:2)
  4 hobgoblins
  5 jackals
  8 kobolds
  2 quokkas
  3 frilled lizards
  A rat (D:3)
122 creatures vanquished.

Vanquished Creatures (collateral kills)
  A gnoll sergeant (D:5)
  2 gnolls (D:5)
3 creatures vanquished.

Vanquished Creatures (others)
  A hornet (D:6)
  A human (D:6)
2 creatures vanquished.

Grand Total: 127 creatures vanquished

Notes
Turn   | Place    | Note
-------+----------+-------------------------------------------
     0 | D:1      | Xavori the Octopode Chaos Knight began the quest for the
                  | Orb.
     0 | D:1      | Reached XP level 1. HP: 16/16 MP: 1/1
   291 | D:1      | Reached XP level 2. HP: 21/21 MP: 2/2
   441 | D:1      | XOM: divination: detect creatures
   523 | D:1      | XOM: silly message
   547 | D:1      | XOM: divination: detect creatures
   569 | D:1      | XOM: silly message
   656 | D:1      | XOM: silly message
  1160 | D:1      | XOM: divination: detect creatures
  1222 | D:1      | XOM: silly message
  1493 | D:1      | XOM is BORED!
  1493 | D:1      | XOM: silly message
  2069 | D:1      | XOM: silly message
  2430 | D:1      | XOM: divination: detect items
  2546 | D:1      | XOM is BORED!
  3148 | D:1      | XOM: silly message
  4758 | D:1      | XOM: divination: magic mapping
  5177 | D:1      | XOM: divination: detect creatures
  5700 | D:1      | XOM: divination: detect creatures
  6088 | D:1      | XOM is BORED!
  6088 | D:1      | XOM: draining
  6148 | D:1      | XOM: silly message
  6472 | D:1      | XOM: give mutations
  6472 | D:1      | Gained mutation: Your body sometimes deteriorates upon
                  | taking damage. [Xom's mischief]
  6472 | D:1      | Gained mutation: Your natural rate of healing is unusually
                  | fast. [Xom's mischief]
  6472 | D:1      | Gained mutation: You expend magic power (3 MP) to
                  | strengthen your wands. [Xom's mischief]
  6576 | D:1      | XOM: noise
  6877 | D:1      | XOM: summons 2 hostile demons
  6878 | D:1      | Noticed a crimson imp
  6903 | D:2      | XOM: give mutation
  6903 | D:2      | Gained mutation: You are vulnerable to cold. (rC-) [Xom's
                  | mischief]
  7063 | D:1      | XOM is BORED!
  7726 | D:1      | XOM: give mutations
  7726 | D:1      | Gained mutation: You have hidden genetic potential. [Xom's
                  | mischief]
  7726 | D:1      | Lost mutation: Your body sometimes deteriorates upon taking
                  | damage. [Xom's mischief]
  7726 | D:1      | Lost mutation: Your natural rate of healing is unusually
                  | fast. [Xom's mischief]
  8129 | D:1      | XOM: draining
  8167 | D:1      | XOM: give mutation
  8167 | D:1      | Gained mutation: Your spells are a little easier to cast,
                  | but a little less powerful. [Xom's mischief]
  8434 | D:1      | XOM: summons 2 hostile demons
  9229 | D:1      | XOM: summons 2 hostile demons
  9556 | D:1      | XOM: silly message
  9837 | D:2      | XOM is BORED!
  9837 | D:2      | XOM: polymorph endoplasm -> frilled lizard
  9998 | D:2      | Reached skill level 1 in Stealth
  9998 | D:2      | Reached XP level 3. HP: 10/21 MP: 3/3
 10216 | D:2      | Reached skill level 2 in Stealth
 10714 | D:3      | XOM: noise
 10734 | D:3      | XOM: give mutation
 10734 | D:3      | Gained mutation: You are clumsy. (Dex -2) [Xom's mischief]
 10791 | D:3      | Reached XP level 4. HP: 29/30 MP: 4/4
 10814 | D:3      | Noticed a golden eye
 10819 | D:3      | Noticed a shining eye
 10821 | D:3      | Found a faded altar of an unknown god.
 10822 | D:3      | Noticed an eye of devastation
 10822 | D:3      | Noticed a shining eye
 10916 | D:3      | Gained mutation: You are partially covered in iridescent
                  | scales. (AC +2) [hidden potential]
 10974 | D:3      | Reached skill level 3 in Stealth
 10974 | D:3      | Reached skill level 1 in Evocations
 11743 | D:4      | Found a sacrificial altar of Ru.
 11744 | D:4      | Found a bloodstained altar of Trog.
 11781 | D:4      | Noticed an ice beast
 11802 | D:4      | Reached XP level 5. HP: 36/36 MP: 5/5
 11807 | D:4      | XOM: fog
 11813 | D:4      | Reached skill level 4 in Stealth
 11825 | D:4      | Gained mutation: You passively map a small area around you.
                  | [hidden potential]
 11825 | D:4      | Lost mutation: You have hidden genetic potential. [hidden
                  | potential expressed]
 11867 | D:4      | XOM: confuse monster(s)
 11874 | D:4      | Killed an ice beast
 11875 | D:4      | Reached skill level 5 in Stealth
 11875 | D:4      | Reached XP level 6. HP: 34/43 MP: 6/6
 12057 | D:4      | Noticed Duvessa
 12058 | D:4      | Noticed Dowan
 12061 | D:4      | XOM: summons friendly white imp
 12064 | D:4      | XOM: fog
 12065 | D:4      | Killed Duvessa
 12065 | D:4      | XOM: polymorph white imp -> quasit
 12066 | D:4      | Reached skill level 6 in Stealth
 12072 | D:4      | Killed Dowan
 12083 | D:4      | XOM: draining
 12306 | D:5      | Entered Level 5 of the Dungeon
 12338 | D:5      | Reached XP level 7. HP: 41/41 MP: 7/7
 12369 | D:5      | Reached skill level 7 in Stealth
 12447 | D:5      | XOM: cleaving
 12493 | D:5      | XOM: confuse monster(s)
 12604 | D:5      | Found a shadowy altar of Dithmenos.
 12689 | D:5      | Noticed Prince Ribbit
 12701 | D:5      | Killed Prince Ribbit
 12702 | D:5      | Reached skill level 8 in Stealth
 12702 | D:5      | Reached XP level 8. HP: 34/54 MP: 8/8
 12782 | D:5      | Reached skill level 5 in Short Blades
 12923 | D:5      | Noticed Grinder
 12966 | D:5      | Killed Grinder
 12967 | D:5      | Reached skill level 9 in Stealth
 12993 | D:5      | XOM: summons 7 friendly demons
 13080 | D:5      | XOM: give mutations
 13080 | D:5      | Gained mutation: One of your tentacles bears a spike.
                  | [Xom's grace]
 13080 | D:5      | Gained mutation: You possess an exceptional clarity of
                  | mind. [Xom's grace]
 13497 | D:5      | XOM: give mutations
 13497 | D:5      | Lost mutation: You are vulnerable to cold. (rC-) [Xom's
                  | mischief]
 13497 | D:5      | Lost mutation: One of your tentacles bears a spike. [Xom's
                  | mischief]
 13497 | D:5      | Gained mutation: You are resistant to electric shocks.
                  | (rElec) [Xom's mischief]
 13497 | D:5      | Gained mutation: You occasionally shout uncontrollably at
                  | your foes. [Xom's mischief]
 13833 | D:6      | XOM: give mutation
 13833 | D:6      | Gained mutation: You have a pair of small antennae on your
                  | head. [Xom's grace]
 13880 | D:6      | Reached skill level 5 in Evocations
 13880 | D:6      | Reached XP level 9. HP: 45/59 MP: 9/9
 13887 | D:6      | Reached skill level 10 in Stealth
 13976 | D:6      | XOM: stat loss: -1 Int (13/14)
 14026 | D:6      | XOM: 2-stop teleportation journey
 14331 | D:6      | XOM: swap monsters
 14336 | D:6      | XOM: blink monster(s)
 14365 | D:6      | XOM: god gift: lightning rod (4/4)
 14472 | D:6      | XOM: give mutations
 14472 | D:6      | Lost mutation: You possess an exceptional clarity of mind.
                  | [Xom's mischief]
 14472 | D:6      | Lost mutation: You have a pair of small antennae on your
                  | head. [Xom's mischief]
 14945 | D:6      | Noticed a hornet
 14955 | D:6      | Paralysed by a hornet for 3 turns
 14956 | D:6      | Killed a hornet
 14956 | D:6      | XOM: divine lightning
 14978 | D:6      | Found an ancient bone altar of Kikubaaqudgha.
 15017 | D:6      | Found a shimmering altar of Xom.
 15049 | D:6      | Found a blossoming altar of Fedhas.
 15200 | D:7      | XOM: noise
 15318 | D:7      | XOM: god gift: 6 stones
 15438 | D:7      | Reached skill level 5 in Fighting
 15438 | D:7      | Reached skill level 11 in Stealth
 15449 | D:7      | XOM: give mutations
 15449 | D:7      | Gained mutation: You are strong-willed. (Will+) [Xom's
                  | grace]
 15449 | D:7      | Gained mutation: Your mind is acute. (Int +4, Str/Dex -1)
                  | [Xom's grace]
 15449 | D:7      | Lost mutation: Your spells are a little easier to cast, but
                  | a little less powerful. [Xom's grace]
 15834 | D:7      | Found a staircase to the Ecumenical Temple.
 15893 | D:7      | XOM: butterfly on damage
 16012 | D:7      | XOM: 1-stop teleportation journey
 16515 | D:7      | XOM: give mutations
 16515 | D:7      | Lost mutation: You are clumsy. (Dex -2) [Xom's grace]
 16515 | D:7      | Gained mutation: Your spells are a little harder to cast,
                  | but a little more powerful. [Xom's grace]
 16577 | D:7      | XOM: summons 4 hostile shadow creatures
 16697 | D:6      | XOM: summons 1 hostile shadow creature
 16767 | D:8      | XOM: summons 4 hostile demons
 16768 | D:8      | Noticed an orange demon
 16804 | D:8      | HP: 3/88 [poisoned by an orange demon]
 16805 | D:8      | HP: 1/88 [poisoned by an orange demon]
 16805 | D:8      | Slain by an orange demon

Illustrated notes

Levels and vault maps discovered:
D:1:      dpeg_arrival_castle, layout_basic
D:2:      layout_loops_corners, kennysheep_potato
D:3:      layout_basic, hellmonk_ecumenical_altar_watching_god,
          chequers_serial_rivers_small_3
D:4:      layout_basic, gammafunk_temple_overflow_pools, minmay_cupped,
          uniq_duvessa
D:5:      layout_basic, nicolae_dithmenos_the_darkroom, st_stairs_11,
          uniq_prince_ribbit1, uniq_grinder
D:6:      layout_loops_corners, tgw_kikubaaqudgha,
          amethyst_overflow_temple_binary, serial_rivers,
          chequers_serial_rivers_micro_a, chequers_serial_rivers_room_a,
          chequers_serial_rivers_small_b, chequers_serial_rivers_large_a,
          kennysheep_cluttered_room, kennysheep_generic_room_6
D:7:      layout_gridville, minmay_temple_entry_purple_smoke
D:8:      layout_loops_ring, old_standard_altar, nzn_wu_jian_contemplation,
          special_room [special_room_orc]

Skill      XL: |  1  2  3  4  5  6  7  8  9 |
---------------+----------------------------+-----
Stealth        | 1 2 3 5 6 8 9 11 | 11.2
Evocations     | 1 2 3 5 6 |  6.0
Short Blades   | 4 6 |  6.9
Dodging        | 3 4 |  4.7
Fighting       | 4 5 |  5.1

Action                     |  1- 3 |  4- 6 |  7- 9 || total
---------------------------+-------+-------+-------++-------
  Melee: Short sword       |    54 |    60 |   232 ||   346
         Constrict         |     9 |    12 |    43 ||    64
         Tentacles         |     7 |    17 |    61 ||    85
         Punch             |     2 |       |     4 ||     6
         Dagger            |       |       |     7 ||     7
  Evoke: Lightning rod     |       |       |     2 ||     2
    Use: Scroll            |       |     3 |     8 ||    11
         Potion            |       |     1 |     4 ||     5
   Stab: Sleeping          |     7 |     8 |    13 ||    28
         Confused          |       |     2 |     4 ||     6
         Distracted        |       |     1 |       ||     1
 Armour: Skin              |    24 |    15 |   111 ||   150
  Dodge: Dodged            |    32 |    29 |   120 ||   181

Table legend: (Time is in decaauts)
 A = Elapsed time spent in this place.
 B = Non-inter-level travel time spent in this place.
 C = Inter-level travel time spent in this place.
 D = Time resting spent in this place.
 E = Time spent auto-exploring this place.
 F = Levels seen in this place.
 G = Mean time per level.
                   A        B        C        D        E       F      G
               +--------+--------+--------+--------+--------+-----+--------+
         Total |  16715 |  16544 |    171 |   9888 |   5699 |   8 | 2089.4 |
       Dungeon |  16715 |  16544 |    171 |   9888 |   5699 |   8 | 2089.4 |
               +--------+--------+--------+--------+--------+-----+--------+

Top non-repeatable levels by time:
     D:1: 9278 daAuts
     D:6: 1653 daAuts
     D:2: 1431 daAuts
     D:7: 1355 daAuts
     D:5: 1316 daAuts
     D:3: 809 daAuts
     D:4: 769 daAuts
     D:8: 101 daAuts
